 Dungeon Crawl Stone Soup version 0.27-a0-492-ga4bb394fd4 (webtiles) character file.

Game seed: 238325103894705091

1528 Gaff the Slicer (level 9, -5/52 HPs)
             Began as a Kobold Brigand on Mar 2, 2021.
             Slain by an orc warrior
             ... wielding a +0 trident of flaming
              (21 damage)
             ... on level 8 of the Dungeon.
             The game lasted 00:21:02 (6586 turns).

Gaff the Slicer (Kobold Brigand)                    Turns: 6586, Time: 00:21:03

Health: -5/52      AC:  9    Str:  7 (8)  XL:     9   Next: 10%
Magic:  9/9        EV: 18    Int: 12 (13) God:
Gold:   772        SH:  6    Dex: 18 (19) Spells: 8/8 levels left

rFire    . . .     SeeInvis .   w - +0 rapier
rCold    . . .     Faith    .   A - +1 buckler
rNeg     . . .     Spirit   .   E - +0 leather armour
rPois    .         Reflect  .   F - +0 helmet
rElec    .         Harm     .   c - +0 cloak
rCorr    .         Rampage  .   (no gloves)
Will     .....                  (no boots)
Stlth    ++++......             p - amulet of regeneration
HPRegen  1.17/turn              n - +4 ring of protection
MPRegen  0.11/turn              (no ring)

@: lethally poisoned (-5 -> -5)
A: small, nightstalker 3
a: no special abilities


You were on level 8 of the Dungeon.
You visited 1 branch of the dungeon, and saw 9 of its levels.
You also visited: Sewer and Bailey.

You collected 772 gold pieces.

Inventory:

Hand Weapons
 a - a +3 dagger
 u - a +0 short sword
 w - a +0 rapier (weapon)
 y - a +0 short sword of speed
Missiles
 d - 7 poisoned darts (quivered)
 e - 2 curare-tipped darts
 x - 34 boomerangs
 z - 4 silver boomerangs
Armour
 b - a +0 robe
 c - a +0 cloak (worn)
 A - a +1 buckler (worn)
 E - a +0 leather armour (worn)
 F - a +0 helmet (worn)
 K - the +0 plate armour "Cyla" {rPois rF+ rCorr Str-4}
   (You found it in a bailey)

   It affects your strength (-4).
   It protects you from fire.
   It protects you from poison.
   It provides partial protection from all sources of acid and corrosion.
 L - a +0 ring mail of fire resistance
Jewellery
 n - a +4 ring of protection (left hand)
 p - an amulet of regeneration (around neck)
Wands
 r - a wand of flame (10)
 M - a wand of iceblast (5)
Scrolls
 f - 2 scrolls of blinking
 h - 2 scrolls of immolation
 i - a scroll of enchant armour
 l - a scroll of fear
 q - a scroll of fog
 t - 2 scrolls of enchant weapon
 B - a scroll of teleportation
 G - a scroll of vulnerability
 H - a scroll of identify
 I - 2 scrolls of amnesia
 O - a scroll of torment {unknown}
Potions
 g - a potion of lignification {unknown}
 j - 3 potions of curing
 k - a potion of degeneration
 m - a potion of flight
 o - 2 potions of mutation {unknown}
 s - a potion of berserk rage
 v - 2 potions of brilliance {unknown}
 C - a potion of invisibility
 D - a potion of haste
 J - 2 potions of might {unknown}
 N - a potion of heal wounds {unknown}


   Skills:
 + Level 4.4 Fighting
 + Level 9.2 Short Blades
 + Level 2.5 Throwing
 + Level 2.1 Armour
 * Level 6.6 Dodging
 - Level 7.0 Stealth
 + Level 1.3 Shields


You had 8 spell levels left.
You didn't know any spells.
Your spell library contained the following spells:

 Spells                   Type           Power        Failure   Level
 Foxfire                  Conj/Fire      0%           58%         1
 Freeze                   Ice            0%           58%         1
 Confusing Touch          Hex            0%           91%         3
 Conjure Flame            Conj/Fire      0%           91%         3
 Frozen Ramparts          Ice            0%           91%         3
 Gell's Gravitas          Tloc           0%           91%         3
 Inner Flame              Hex/Fire       0%           91%         3
 Ozocubu's Armour         Ice            0%           91%         3
 Hailstorm                Conj/Ice       0%           100%        4
 Petrify                  Tmut/Erth      0%           100%        4
 Sticky Flame             Conj/Fire      0%           100%        4
 Summon Ice Beast         Ice/Summ       0%           100%        4
 Fireball                 Conj/Fire      0%           100%        5
 Metabolic Englaciation   Hex/Ice        0%           100%        5
 Yara's Violent Unravell  Hex/Tmut       0%           100%        5


Dungeon Overview and Level Annotations

Branches:
Dungeon (9/15)             Temple (0/1) D:7           Sewer (visited)
 Bailey (visited)
   Lair: D:8-11         Orc: D:9-12

Altars:
Fedhas
Gozag
Trog
Yredelemnul
The Shining One

Shops:
D:4 =

Annotations:
D:3 Grinder, Sigmund


Innate Abilities, Weirdness & Mutations

You are small and have problems with some larger weapons.
You are completely attuned to the shadows.


Message History

The worker ant is moderately wounded.
The worker ant completely misses you. You block the orc warrior's attack.
You completely miss the worker ant.
The worker ant is moderately wounded.
The worker ant misses you.
You hit the worker ant but do no damage.
The worker ant is moderately wounded.
You block the orc warrior's attack. The worker ant bites you.
You are poisoned.
The worker ant poisons you!
You hit the worker ant but do no damage.
The worker ant is moderately wounded.
You feel sick.
The orc warrior hits you from afar with a +0 trident of flaming!
The orc warrior burns you. The worker ant closely misses you.
You closely miss the worker ant.
The worker ant is moderately wounded.
The worker ant completely misses you.
You hit the worker ant.
The worker ant is heavily wounded.
You feel sick.
The orc warrior hits you from afar with a +0 trident of flaming!
The orc warrior burns you. The worker ant completely misses you.
You hit the worker ant.
The worker ant is severely wounded.
You block the orc warrior's attack.
You hit the worker ant.
The worker ant is severely wounded.
You block the worker ant's attack.
The orc warrior hits you from afar with a +0 trident of flaming.
The orc warrior burns you.
* * * LOW HITPOINT WARNING * * *
You barely miss the worker ant.
The worker ant is severely wounded.
You block the worker ant's attack.
You hit the worker ant.
The worker ant is almost dead.
You feel sick. You block the worker ant's attack.
The orc warrior hits you from afar with a +0 trident of flaming!!
You die...

########
######......#
.....#......# ..
.....##....##...$#
≈≈≈..##....##....##.
♣.oB@....>........
≈≈≈..#..............
.....#..............
.....########....##.
###### ######


You could see an orc warrior and a worker ant.

Vanquished Creatures
  3 orc warriors (Bailey)
  An ice beast (D:5)
  An ogre (D:6)
  A phantom (D:6)
  3 bullfrogs
  A scorpion (D:4)
  2 bullfrog zombies
  A bullfrog skeleton (D:6)
  A hound (D:3)
  2 centaur skeletons
  An iguana (D:7)
  9 worker ants
  2 worker ant zombies
  11 gnolls
  6 adders
  2 shadow imps
  An ufetubus (D:6)
  An adder skeleton (D:2)
  5 worms
  6 leopard geckos
  4 orcs (D:3)
  4 ball pythons
  8 bats
  6 giant cockroaches
  5 hobgoblins
  5 jackals
  12 kobolds
  3 quokkas
  10 frilled lizards
  13 goblins
  A quokka skeleton (D:6)
  7 rats
138 creatures vanquished.

Vanquished Creatures (others)
  10 fungi (D:4)
  2 plants (D:2)
12 creatures vanquished.

Grand Total: 150 creatures vanquished

Notes
Turn   | Place    | Note
-------+----------+-------------------------------------------
     0 | D:1      | Gaff the Kobold Brigand began the quest for the Orb.
     0 | D:1      | Reached XP level 1. HP: 12/12 MP: 1/1
   276 | D:1      | Reached XP level 2. HP: 17/17 MP: 2/2
   940 | D:2      | Reached XP level 3. HP: 21/21 MP: 3/3
  1239 | D:2      | Reached skill level 3 in Short Blades
  1724 | D:3      | Reached XP level 4. HP: 26/26 MP: 4/4
  1905 | D:3      | Found a basalt altar of Yredelemnul.
  1927 | D:3      | Noticed Grinder
  2163 | D:3      | Found a blossoming altar of Fedhas.
  2610 | D:3      | Noticed Sigmund
  2720 | D:3      | Reached XP level 5. HP: 31/31 MP: 5/5
  2724 | D:4      | Reached skill level 4 in Short Blades
  2772 | D:4      | Reached XP level 6. HP: 30/36 MP: 6/6
  2855 | D:4      | Found Hucir's Jewellery Emporium.
  3093 | D:4      | Reached skill level 5 in Short Blades
  3396 | D:4      | Found a glowing golden altar of the Shining One.
  3633 | D:5      | Entered Level 5 of the Dungeon
  3662 | D:5      | Reached XP level 7. HP: 41/41 MP: 7/7
  3694 | D:5      | Reached skill level 6 in Short Blades
  4386 | D:6      | Found a glowing drain.
  4422 | Sewer    | Entered a sewer
  4634 | Sewer    | Reached skill level 7 in Short Blades
  4803 | Sewer    | Reached skill level 1 in Armour
  4803 | Sewer    | Reached skill level 5 in Dodging
  4803 | Sewer    | Reached XP level 8. HP: 47/47 MP: 8/8
  5282 | D:6      | Reached skill level 8 in Short Blades
  5289 | D:6      | Reached skill level 1 in Shields
  5332 | D:6      | Found an opulent altar of Gozag.
  5376 | D:6      | Found a bloodstained altar of Trog.
  5946 | D:7      | Found a flagged portal.
  5964 | Bailey   | Entered a bailey
  6004 | Bailey   | Found an iron altar of Okawaru.
  6047 | Bailey   | Reached skill level 9 in Short Blades
  6047 | Bailey   | Reached XP level 9. HP: 51/52 MP: 9/9
  6157 | Bailey   | Identified the +0 plate armour "Cyla" {rPois rF+ rCorr
                  | Str-4}
  6419 | D:7      | Found a staircase to the Ecumenical Temple.
  6422 | D:7      | You fall into a shaft and drop 2 floors!
  6586 | D:8      | Slain by an orc warrior

Illustrated notes

Levels and vault maps discovered:
D:1:      giann_forest_graveyard, layout_rooms, minmay_tetromino_t2
D:2:      layout_loops_corners, minmay_shallow_snake_nest
D:3:      layout_loops_corners, yredelemnul_altar_generic,
          nicolae_overflow_crystal_walls, wad_orctagon, uniq_grinder,
          uniq_sigmund
D:4:      layout_loops_cross, kennysheep_mini_moat, serial_aquarium,
          aquarium_bridge_island_small [aquarium_subvault_small_open,
          aquarium_subvault_wall, aquarium_subvault_wall,
          aquarium_subvault_bridge, aquarium_subvault_bridge],
          aquarium_bridge_long_joined [aquarium_subvault_window,
          aquarium_subvault_window, aquarium_subvault_bridge,
          aquarium_subvault_wall, aquarium_subvault_window,
          aquarium_subvault_bridge], aquarium_window_corner,
          aquarium_window_fake, aquarium_view_2d, serial_shops,
          nicolae_shop_stone
D:5:      layout_rooms, serial_park_tiny_1
D:6:      layout_loops_cross, marbit_many_paths, lemuel_doored_altar,
          cheibrodos_sewer_entry_bend, st_stairs_8,
          hangedman_decor_clover_reticule
D:7:      layout_basic, nzn_hepliaklqana_mist_gate, okawaru_gym_becter,
          minmay_temple_entry_arrows, enter_bailey_5
D:8:      layout_gridville, elyvilon_altar_4, minitemple, serial_shops,
          kennysheep_mini, nicolae_shop_trees, nicolae_shop_waterfront,
          kennysheep_generic_room_11
D:9:      kb_forest_paths, layout_stronghold, grunt_potential

Skill      XL: |  1  2  3  4  5  6  7  8 |
---------------+-------------------------+-----
Stealth        | 6 7 |  7.0
Short Blades   | 3 4 5 7 9 |  9.2
Dodging        | 2 3 4 5 6 |  6.6
Fighting       | 3 4 |  4.4
Armour         | 1 2 |  2.1
Shields        | 1 |  1.3
Throwing       | |  2.5

Action                   |  1- 3 |  4- 6 |  7- 9 || total
-------------------------+-------+-------+-------++-------
Melee: Dagger            |    61 |    87 |    26 ||   174
       Rapier            |       |    23 |   311 ||   334
       Short sword       |       |       |   102 ||   102
Throw: Dart              |       |     6 |     3 ||     9
  Use: Scroll            |       |     1 |    11 ||    12
       Potion            |       |       |     4 ||     4
 Stab: Sleeping          |    13 |    22 |    30 ||    65
       Distracted        |       |     1 |       ||     1
Armor: Robe              |    10 |    19 |       ||    29
       Leather armour    |       |     4 |    57 ||    61
Dodge: Dodged            |    30 |    60 |   228 ||   318
Block: Buckler           |       |     5 |    97 ||   102

Table legend: (Time is in decaauts)
 A = Elapsed time spent in this place.
 B = Non-inter-level travel time spent in this place.
 C = Inter-level travel time spent in this place.
 D = Time resting spent in this place.
 E = Time spent auto-exploring this place.
 F = Levels seen in this place.
 G = Mean time per level.
                   A        B        C        D        E       F      G
               +--------+--------+--------+--------+--------+-----+--------+
         Total |   6535 |   6355 |    180 |    298 |   3997 |  11 |  594.1 |
       Dungeon |   5672 |   5492 |    180 |    178 |   3983 |   9 |  630.2 |
         Sewer |    447 |    447 |      0 |      7 |      1 |   1 |  447.0 |
        Bailey |    415 |    415 |      0 |    113 |     13 |   1 |  415.0 |
               +--------+--------+--------+--------+--------+-----+--------+

Top non-repeatable levels by time:
     D:2: 1040 daAuts
     D:3: 958 daAuts
     D:4: 907 daAuts
     D:6: 866 daAuts
     D:1: 704 daAuts
     D:5: 679 daAuts
   Sewer: 447 daAuts
  Bailey: 415 daAuts
     D:7: 356 daAuts
     D:9: 122 daAuts
     D:8: 37 daAuts
